 Dungeon Crawl Stone Soup version 0.29.1-1-gd02db6906a (webtiles) character file.

Game seed: 16632948449038493800

57 sankara the Digger (level 4, -2/24 HPs)
             Began as a Gargoyle Earth Elementalist on Oct 13, 2022.
             Slain by Terence
             ... wielding a +0 short sword
              (4 damage)
             ... on level 3 of the Dungeon.
             The game lasted 00:05:42 (2198 turns).

sankara the Digger (Gargoyle Earth Elementalist)    Turns: 2198, Time: 00:05:43

Health: -2/24      AC:  5    Str: 11    XL:     4   Next: 0%
Magic:  0/8        EV: 11    Int: 18    God:
Gold:   121        SH:  0    Dex: 10    Spells: 3/9 levels left

rFire   . . .      SeeInvis .   m - +0 dagger (vamp)
rCold   . . .      Faith    .   (no shield)
rNeg    + . .      Spirit   .   a - +0 robe
rPois   ∞          Reflect  .   (no helmet)
rElec   +          Harm     .   (no cloak)
rCorr   .          Rampage  .   (no gloves)
Will    .....                   (no boots)
Stlth   ++........              (no amulet)
HPRegen 0.08/turn               (no ring)
MPRegen 0.11/turn               (no ring)

@: no status effects
A: sickness immunity, AC +3, negative energy resistance 1, electricity
resistance, torment resistance 1, petrification resistance
a: no special abilities


You were on level 3 of the Dungeon.
You visited 1 branch of the dungeon, and saw 3 of its levels.

You collected 121 gold pieces.

Inventory:

Hand Weapons
 h - a +0 short sword of freezing
 m - a +0 vampiric dagger (weapon)
 o - a +0 vampiric broad axe
Missiles
 c - 5 poisoned darts
 g - 21 stones
Armour
 a - a +0 robe (worn)
 r - a +0 pair of gloves
Magical Staves
 q - a staff of fire
Scrolls
 d - 2 scrolls of poison {unknown}
 i - 2 scrolls of magic mapping {unknown}
 k - 2 scrolls of noise {unknown}
 l - a scroll of enchant weapon {unknown}
 n - 2 scrolls of identify {unknown}
Potions
 b - a potion of magic
 e - 3 potions of heal wounds {unknown}
 f - a potion of cancellation {unknown}
 j - a potion of curing {unknown}
 p - a potion of brilliance {unknown}
 s - a potion of lignification {unknown}


   Skills:
 - Level 1.5 Dodging
 - Level 2.1 Stealth
 + Level 3.0 Spellcasting
 - Level 0.7 Transmutations
 + Level 4.8 Earth Magic


You had 3 spell levels left.
You knew the following spells:

 Your Spells              Type           Power      Damage    Failure   Level
a - Sandblast             Erth           40%        2d10      2%          1
b - Passwall              Tmut/Erth      10%        N/A       8%          2
c - Stone Arrow           Conj/Erth      22%        3d8       19%         3

Your spell library contained the following spells:

 Spells                   Type           Power      Damage    Failure   Level
 Call Canine Familiar     Summ           2%         N/A       43%         3
 Portal Projectile        Hex/Tloc       4%         N/A       43%         3
 Petrify                  Tmut/Erth      12%        N/A       45%         4
 Leda's Liquefaction      Hex/Erth       5%         N/A       52%         4


Dungeon Overview and Level Annotations

Branches:
Dungeon (3/15)

Altars:

Annotations:
D:3 Terence


Innate Abilities, Weirdness & Mutations

You are immune to sickness and miasma.
Your stone body is resilient. (AC +3)
You are immune to poison.
You resist negative energy. (rN+)
You are resistant to electric shocks. (rElec)
You are resistant to unholy torment.
You are immune to petrification.


Message History

* * * LOW HITPOINT WARNING * * *
You hit Terence but do no damage.
Terence is heavily wounded.
Terence closely misses you.
You closely miss Terence.
Terence is heavily wounded.
Terence closely misses you.
You barely miss Terence.
Terence is heavily wounded.
Terence hits you but does no damage. Terence attacks as you move away!
Terence hits you with a +0 short sword.
* * * LOW HITPOINT WARNING * * *
Terence attacks as you move away! Terence hits you with a +0 short sword.
* * * LOW HITPOINT WARNING * * *
Terence attacks as you move away! Terence closely misses you.
Terence attacks as you move away! Terence hits you with a +0 short sword.
* * * LOW HITPOINT WARNING * * *
There is a stone staircase leading up here.
Casting: Sandblast (safe; 2% risk of failure)
Confirm with . or Enter, or press ? or * to list all spells.
Okay, then.
Casting: Sandblast (safe; 2% risk of failure)
Confirm with . or Enter, or press ? or * to list all spells.
The spell is extremely dangerous to miscast (19% risk of failure)!
Continue anyway?
Aiming: Stone Arrow (extremely dangerous; 19% risk of failure)
Press: ? - help, Shift-Dir - straight line, f/p - Terence
Aim: Terence, wielding a +0 short sword and wearing a +0 scale mail (heavily wounded, 72% to hit)
The stone arrow hits Terence.
Terence is severely wounded.
Terence barely misses you.
You closely miss Terence.
Terence is severely wounded.
Terence misses you.
You hit Terence but do no damage.
Terence is severely wounded.
Terence closely misses you.
You hit Terence.
Terence is severely wounded.
Terence hits you with a +0 short sword.
You die...

######## #......# #......#
#......# ###### ##
#......########### #.†..##### .#
#........#.......# #.##......
.####......###.#####.###.########
...............@@................
.#######.#+###.###.#.#####......#
.# #........#...#.### #......# .#
#........#.#.....# #......# .#
#........#.#.#.#.###......# PP
...........#...#.#........# ..
............#####.#.#......# P.
............'.....#.###.#### ..
..........#######.# .#


You could see Terence.

Vanquished Creatures
  An adder (D:2)
  A worm (D:2)
  A dart slug (D:2)
  2 ball pythons
  2 bats (D:1)
  10 endoplasms
  3 goblins (D:1)
  6 hobgoblins
  3 quokkas
  3 kobolds
  4 rats
36 creatures vanquished.

Notes
Turn   | Place    | Note
-------+----------+-------------------------------------------
     0 | D:1      | sankara the Gargoyle Earth Elementalist began the quest for
                  | the Orb.
     0 | D:1      | Reached XP level 1. HP: 10/10 MP: 3/3
   175 | D:1      | Reached XP level 2. HP: 14/15 MP: 1/5
   223 | D:1      | Learned a level 2 spell: Passwall
   230 | D:1      | Reached skill level 4 in Earth Magic
   931 | D:1      | Reached XP level 3. HP: 9/19 MP: 4/6
  1184 | D:1      | Learned a level 3 spell: Stone Arrow
  2025 | D:3      | Reached XP level 4. HP: 24/24 MP: 5/8
  2132 | D:3      | Noticed Terence
  2198 | D:3      | Slain by Terence

Illustrated notes

Levels and vault maps discovered:
D:1:      nzn_arrival_depleted_hourglass, layout_basic
D:2:      layout_basic, nicolae_underground_beach
D:3:      layout_basic, chequers_ecumenical_altar_simple_redux, serial_shops,
          nicolae_shop_bloodbath_and_beyond, minmay_hedge_maze, uniq_jessica,
          uniq_terence

Skill      XL: |  1  2  3 |
---------------+----------+-----
Earth Magic    | 4 |  4.8
Spellcasting   | 3 |  3.0
Dodging        | |  1.5
Stealth        | |  2.1
Transmutations | |  0.7

Action                   |  1- 3 |  4- 6 || total
-------------------------+-------+-------++-------
Melee: Short sword       |     6 |       ||     6
       Dagger            |    23 |    37 ||    60
 Cast: Sandblast         |    48 |     5 ||    53
       Stone Arrow       |       |     2 ||     2
Armor: Robe              |    14 |     7 ||    21
Dodge: Dodged            |    33 |    25 ||    58
